 Dungeon Crawl Stone Soup version 0.31-a0-920-g28cbb04a8c (webtiles) character file.

Game seed: 12848308370563033351

1127 lessens the Shield-Bearer (level 8, 0/67 HPs)
             Began as a Gnoll Fighter on Oct 17, 2023.
             Was an Initiate of Gozag.
             Killed from afar by Maggie (13 damage)
             ... with a bolt of fire
             ... on level 6 of the Dungeon.
             The game lasted 00:06:31 (5814 turns).

lessens the Shield-Bearer (Gnoll Fighter)           Turns: 5814, Time: 00:06:32

Health: 0/67       AC:  4    Str: 19    XL:     8   Next: 35%
Magic:  12/12      EV: 10    Int:  7    God:    Gozag
Gold:   260        SH:  5    Dex: 11    Spells: 13/13 levels left

rFire   + . .        a - +0 war axe
rCold   + . .        c - +0 buckler
rNeg    . . .        b - +0 scale mail
rPois   +            (no helmet)
rElec   +            (no cloak)
rCorr   +            (no gloves)
SInv    .            (no boots)
Will    .....        h - amulet of regeneration
Stlth   +            (no ring)
HPRegen 1.11/turn    (no ring)
MPRegen 0.13/turn

%: no passive effects
@: resistant, corroded, gold aura, mesmerised
A: fangs 1, strong nose, distributed training
a: Renounce Religion, Potion Petition, Call Merchant, Bribe Branch


You were on level 6 of the Dungeon.
You worshipped Gozag.
Gozag was aware of your devotion.
You visited 2 branches of the dungeon, and saw 7 of its levels.
You also visited: Sewer.

You collected 356 gold pieces.
You paid 96 gold pieces to Gozag.

Inventory:

Hand Weapons
 a - a +0 war axe (weapon)
Missiles
 d - 19 poisoned darts
 k - 35 stones
 C - 3 boomerangs
 I - 5 curare-tipped darts
Armour
 b - a +0 scale mail (worn)
 c - a +0 buckler (worn)
 e - a +0 cloak
Jewellery
 h - an amulet of regeneration (around neck)
 l - a +5 ring of evasion
 m - a ring of fire
Wands
 x - a wand of quicksilver (11)
Scrolls
 f - 2 scrolls of fog {unknown}
 g - 3 scrolls of enchant weapon {unknown}
 n - 6 scrolls of identify
 o - a scroll of fear {unknown}
 q - 3 scrolls of noise {unknown}
 r - 2 scrolls of blinking {unknown}
 w - 4 scrolls of teleportation {unknown}
 y - a scroll of torment {unknown}
 E - a scroll of revelation {unknown}
 F - a scroll of enchant armour {unknown}
 H - 2 scrolls of poison {unknown}
 J - 2 scrolls of immolation {unknown}
Potions
 i - a potion of brilliance {unknown}
 j - 4 potions of attraction
 p - a potion of resistance
 s - 2 potions of lignification {unknown}
 t - a potion of haste {unknown}
 u - 4 potions of curing
 v - a potion of magic {unknown}
 z - 2 potions of heal wounds {unknown}
 A - a potion of enlightenment {unknown}
 B - a potion of experience {unknown}
 D - a potion of berserk rage {unknown}
 G - 2 potions of ambrosia {unknown}


   Skills:
 + Level 7.3 Fighting
 + Level 3.2 Short Blades
 + Level 3.2 Long Blades
 + Level 5.6 Axes
 + Level 3.2 Maces & Flails
 + Level 3.2 Polearms
 + Level 3.2 Staves
 + Level 3.2 Ranged Weapons
 + Level 3.2 Throwing
 + Level 7.3 Armour
 + Level 3.2 Dodging
 + Level 3.2 Stealth
 + Level 7.3 Shields
 + Level 3.2 Unarmed Combat
 + Level 3.2 Spellcasting
 + Level 2.6 Conjurations
 + Level 2.6 Hexes
 + Level 2.6 Summonings
 + Level 2.6 Necromancy
 + Level 2.6 Translocations
 + Level 2.6 Transmutations
 + Level 2.6 Fire Magic
 + Level 2.6 Ice Magic
 + Level 2.6 Air Magic
 + Level 2.6 Earth Magic
 + Level 2.6 Poison Magic
 + Level 3.5 Invocations
 + Level 3.2 Evocations
 + Level 2.9 Shapeshifting


You had 13 spell levels left.
You didn't know any spells.
Your spell library contained the following spells:

 Spells                   Type           Power      Damage    Failure   Level
 Magic Dart               Conj           16%        1d3       36%         1
 Call Imp                 Summ           8%         N/A       50%         2
 Lesser Beckoning         Tloc           8%         N/A       50%         2
 Gell's Gravitas          Tloc           4%         N/A       73%         3
 Mephitic Cloud           Conj/Pois/Air  4%         N/A       73%         3
 Teleport Other           Tloc           4%         N/A       73%         3


Dungeon Overview and Level Annotations

Branches:
Dungeon (6/15) Zot: 26812  Temple (1/1) D:5 Zot: 5963   Sewer (visited)

Altars:
Cheibriados
Gozag
Kikubaaqudgha
Qazlal
Trog
Vehumet
Yredelemnul
The Shining One
Lugonu

Shops:
D:3 [([(   D:5 *

Annotations:
D:6 Maggie


Innate Abilities, Weirdness & Mutations

You have very sharp teeth.
Your uncanny sense of smell can sniff out nearby items.
Your experience applies equally to all skills.


Message History

Maggie hits you with a +0 broad axe.
You hit Maggie but do no damage. You bite Maggie, but do no damage.
Maggie is lightly wounded.
You closely miss the adder. The adder bites you.
You are poisoned.
The adder poisons you! Maggie casts a spell at you. The bolt of fire hits you!
You slash Maggie!
Maggie is lightly wounded.
You miss the adder.
You feel sick.
The bullfrog is distracted by your dazzling golden aura.
The adder bites you but does no damage.
Maggie gestures wildly while chanting.
Maggie draws you further into her thrall.
The adder bites you.
The bullfrog croaks.
You hit Maggie but do no damage.
Maggie is lightly wounded.
You slash the adder!
You kill the adder!
You feel sick. Maggie barely misses you.
You hit Maggie.
Maggie is moderately wounded.
You feel sick.
You are no longer poisoned.
The bullfrog is no longer distracted by gold.
Maggie misses you. Maggie gestures at you while chanting.
The bolt of fire hits you!!
* * * LOW HITPOINT WARNING * * *
You feel better. Maggie closely misses you.
It was a potion of resistance.
You feel protected. The bullfrog hits you.
* * * LOW HITPOINT WARNING * * *
Maggie casts a spell at you. The bolt of fire hits you! You resist.
You die...
Your body crumbles into a pile of gold.

..... ......
......#)............
....................
......#.............
......##.[..........
....................
........##..........
............$@......
##..........@F......
#................... .
#.##................ ..
##...[...............
...#....#..........[...#
........####............
.^.................##...
...###.###.........# ###
... #..###........#


You could see Maggie (mesmerising) and a bullfrog.

Vanquished Creatures
  Grinder (D:3)
  A kobold brigand (D:5)
  4 scorpions
  4 jellies
  An orc priest (D:5)
  A gnoll bouda (D:4)
  2 iguanas
  Natasha (thrice) (D:2)
  An orc wizard (D:5)
  4 gnolls (D:4)
  4 river rats (Sewer)
  14 adders
  A shadow imp (D:5)
  3 worms (D:4)
  2 dart slugs
  6 orcs (D:5)
  8 endoplasms
  3 giant cockroaches
  11 goblins
  7 hobgoblins
  6 quokkas
  5 ball pythons
  3 bats
  11 frilled lizards
  8 kobolds
  21 rats
135 creatures vanquished.

Notes
Turn   | Place    | Note
-------+----------+-------------------------------------------
     0 | D:1      | lessens the Gnoll Fighter began the quest for the Orb.
     0 | D:1      | Reached XP level 1. HP: 23/23 MP: 1/1
   380 | D:1      | Reached XP level 2. HP: 25/29 MP: 2/2
  1137 | D:2      | Noticed Natasha
  1143 | D:2      | Killed Natasha
  1144 | D:2      | Reached skill level 1 in Invocations
  1144 | D:2      | Reached XP level 3. HP: 25/35 MP: 2/4
  1157 | D:2      | Noticed Natasha
  1164 | D:2      | Killed Natasha
  1165 | D:2      | Reached skill level 1 in Short Blades
  1165 | D:2      | Reached skill level 1 in Long Blades
  1165 | D:2      | Reached skill level 1 in Maces & Flails
  1165 | D:2      | Reached skill level 1 in Polearms
  1165 | D:2      | Reached skill level 1 in Staves
  1165 | D:2      | Reached skill level 1 in Ranged Weapons
  1165 | D:2      | Reached skill level 1 in Throwing
  1165 | D:2      | Reached skill level 1 in Dodging
  1165 | D:2      | Reached skill level 1 in Stealth
  1165 | D:2      | Reached skill level 1 in Unarmed Combat
  1165 | D:2      | Reached skill level 1 in Spellcasting
  1165 | D:2      | Reached skill level 1 in Evocations
  1165 | D:2      | Reached skill level 1 in Shapeshifting
  1165 | D:2      | Reached XP level 4. HP: 30/41 MP: 5/5
  1312 | D:2      | Noticed Natasha
  1317 | D:2      | Killed Natasha
  1318 | D:2      | Reached skill level 1 in Conjurations
  1318 | D:2      | Reached skill level 1 in Hexes
  1318 | D:2      | Reached skill level 1 in Summonings
  1318 | D:2      | Reached skill level 1 in Necromancy
  1318 | D:2      | Reached skill level 1 in Translocations
  1318 | D:2      | Reached skill level 1 in Transmutations
  1318 | D:2      | Reached skill level 1 in Fire Magic
  1318 | D:2      | Reached skill level 1 in Ice Magic
  1318 | D:2      | Reached skill level 1 in Air Magic
  1318 | D:2      | Reached skill level 1 in Earth Magic
  1318 | D:2      | Reached skill level 1 in Poison Magic
  1400 | D:2      | Reached XP level 5. HP: 47/47 MP: 6/6
  1470 | D:2      | Found a faded altar of an unknown god.
  1970 | D:3      | Noticed Grinder
  1972 | D:3      | Paralysed by Grinder for 2 turns
  1984 | D:3      | Paralysed by Grinder for 3 turns
  1987 | D:3      | Killed Grinder
  1988 | D:3      | Reached skill level 5 in Axes
  1988 | D:3      | Reached XP level 6. HP: 53/53 MP: 7/9
  1991 | D:3      | Found Wops's Armour Shop.
  2023 | D:3      | Found Relyics's Antique Armour Shop.
  2126 | D:3      | Identified the +5 spear of Powerful Courage {venom, Will+}
  2264 | D:3      | Found Loazutu's Antique Weapon Emporium.
  2376 | D:3      | Found Niliusk's Antique Weapon Boutique.
  2690 | D:3      | Found a radiant altar of Vehumet.
  2840 | D:4      | Reached XP level 7. HP: 59/59 MP: 10/10
  2847 | D:4      | Found a glowing drain.
  2866 | Sewer    | Entered a sewer
  3977 | D:4      | Identified the orb of the Original Sin {*Rage, Harm}
  4705 | D:5      | Entered Level 5 of the Dungeon
  4993 | D:5      | Reached XP level 8. HP: 38/67 MP: 12/12
  5267 | D:5      | Found Sicwumacsa's Elemental Accessories.
  5487 | D:5      | Found a staircase to the Ecumenical Temple.
  5506 | Temple   | Entered the Ecumenical Temple
  5526 | Temple   | Became a worshipper of Gozag Ym Sagoz the Greedy
  5707 | D:6      | Found a glowing golden altar of the Shining One.
  5802 | D:6      | Noticed Maggie
  5812 | D:6      | HP: 2/67 [Maggie/bolt of fire (21)]
  5814 | D:6      | Killed from afar by Maggie

Illustrated notes

Levels and vault maps discovered:
D:1:      dpeg_arrival_short_road, layout_loops_corners, st_stairs_7,
          minmay_misc_feat_five
D:2:      wad_crossroads, layout_basic, shapermc_ecumenical_altar_notcrosses,
          minivault_26, wad_floor_pattern_1, st_stairs_6, uniq_natasha
D:3:      layout_loops_ring, overflow_temple_1_default, serial_shops, shop,
          shop, shop, nicolae_shop_peninsula, hangedman_decor_clover_reticule,
          minmay_fractal_squares_gapless_5, uniq_grinder
D:4:      wander_river, layout_layer_cave, gup_sewer_entry_bubbles
D:5:      layout_loops_ring, lemuel_temple_firewalk_a, nicolae_elemental_shop,
          st_stairs_2
D:6:      layout_cave_pools, tso_oasis_becter, xom_teletrap_fun, uniq_maggie
Temple:   corrupted_temple

Skill      XL: |  1  2  3  4  5  6  7  8 |
---------------+-------------------------+-----
Invocations    | 1 2 3 |  3.5
Short Blades   | 1 2 3 |  3.2
Long Blades    | 1 2 3 |  3.2
Maces & Flails | 1 2 3 |  3.2
Polearms       | 1 2 3 |  3.2
Staves         | 1 2 3 |  3.2
Ranged Weapons | 1 2 3 |  3.2
Throwing       | 1 2 3 |  3.2
Dodging        | 1 2 3 |  3.2
Stealth        | 1 2 3 |  3.2
Unarmed Combat | 1 2 3 |  3.2
Spellcasting   | 1 2 3 |  3.2
Evocations     | 1 2 3 |  3.2
Shapeshifting  | 1 2 |  2.9
Conjurations   | 1 2 |  2.6
Hexes          | 1 2 |  2.6
Summonings     | 1 2 |  2.6
Necromancy     | 1 2 |  2.6
Translocations | 1 2 |  2.6
Transmutations | 1 2 |  2.6
Fire Magic     | 1 2 |  2.6
Ice Magic      | 1 2 |  2.6
Air Magic      | 1 2 |  2.6
Earth Magic    | 1 2 |  2.6
Poison Magic   | 1 2 |  2.6
Axes           | 5 |  5.6
Fighting       | 7 |  7.3
Armour         | 7 |  7.3
Shields        | 7 |  7.3

Action                     |  1- 3 |  4- 6 |  7- 9 || total
---------------------------+-------+-------+-------++-------
  Melee: War axe           |    52 |   123 |   214 ||   389
         Bite              |       |     9 |    17 ||    26
    Use: Potion            |       |     1 |     3 ||     4
         Scroll            |       |       |     3 ||     3
 Armour: Scale mail        |    29 |    56 |   168 ||   253
  Dodge: Dodged            |    21 |    49 |   109 ||   179
  Block: Buckler           |     9 |    28 |    60 ||    97

Table legend: (Time is in decaauts)
 A = Elapsed time spent in this place.
 B = Non-inter-level travel time spent in this place.
 C = Inter-level travel time spent in this place.
 D = Time resting spent in this place.
 E = Time spent auto-exploring this place.
 F = Levels seen in this place.
 G = Mean time per level.
                   A        B        C        D        E       F      G
               +--------+--------+--------+--------+--------+-----+--------+
         Total |   6011 |   5715 |    296 |      0 |   4504 |   8 |  751.4 |
       Dungeon |   5496 |   5227 |    269 |      0 |   4264 |   6 |  916.0 |
        Temple |     36 |      9 |     27 |      0 |      0 |   1 |   36.0 |
         Sewer |    477 |    477 |      0 |      0 |    240 |   1 |  477.0 |
               +--------+--------+--------+--------+--------+-----+--------+

Top non-repeatable levels by time:
     D:4: 1631 daAuts
     D:2: 1083 daAuts
     D:5: 910 daAuts
     D:1: 903 daAuts
     D:3: 780 daAuts
   Sewer: 477 daAuts
     D:6: 186 daAuts
  Temple: 36 daAuts

Levels and vault maps discovered:
D:1:      dpeg_arrival_short_road, layout_loops_corners, st_stairs_7,
          minmay_misc_feat_five
D:2:      wad_crossroads, layout_basic, shapermc_ecumenical_altar_notcrosses,
          minivault_26, wad_floor_pattern_1, st_stairs_6, uniq_natasha
D:3:      layout_loops_ring, overflow_temple_1_default, serial_shops, shop,
          shop, shop, nicolae_shop_peninsula, hangedman_decor_clover_reticule,
          minmay_fractal_squares_gapless_5, uniq_grinder
D:4:      wander_river, layout_layer_cave, gup_sewer_entry_bubbles
D:5:      layout_loops_ring, lemuel_temple_firewalk_a, nicolae_elemental_shop,
          st_stairs_2
D:6:      layout_cave_pools, tso_oasis_becter, xom_teletrap_fun, uniq_maggie
Temple:   corrupted_temple
